 Dungeon Crawl Stone Soup version 0.30-a0-331-g8ab09dc110 (webtiles) character file.

Game seed: 10530111801767954665

74 Muataran the Chopper (level 4, -2/40 HPs)
             Began as a Minotaur Berserker on Oct 29, 2022.
             Was a Believer of Trog.
             Slain by an orc
             ... wielding a +1 dagger of distortion
              (5 damage)
             ... on level 3 of the Dungeon.
             The game lasted 00:04:43 (1447 turns).

Muataran the Chopper (Minotaur Berserker)           Turns: 1447, Time: 00:04:44

Health: -2/40      AC:  5    Str: 23    XL:     4   Next: 10%
Magic:  3/3        EV: 11    Int:  6    God:    Trog [**....]
Gold:   74         SH:  0    Dex: 10    Spells: 3/3 levels left

rFire   . . .      SeeInvis .    b - +10 sling "Bainiv" {drain, Int+2}
rCold   . . .      Faith    .    (no shield)
rNeg    . . .      Spirit   .    f - +0 ring mail
rPois   .          Reflect  .    (helmet restricted)
rElec   .          Harm     .    (no cloak)
rCorr   .          Rampage  .    (no gloves)
Will    .....                    (no boots)
Stlth   ..........               (no amulet)
HPRegen 0.26/turn                (no ring)
MPRegen 0.08/turn                (no ring)

@: no status effects
A: horns 2, retaliatory headbutt
a: Renounce Religion, Berserk, Trog's Hand


You were on level 3 of the Dungeon.
You worshipped Trog.
Trog was pleased with you.
You visited 1 branch of the dungeon, and saw 3 of its levels.

You collected 74 gold pieces.

Inventory:

Hand Weapons
 a - a +0 hand axe
 b - the +10 sling "Bainiv" (weapon) {drain, Int+2}
   (You found it on level 2 of the Dungeon)

   A truly terrible weapon, it drains the life of any living foe it strikes.
   Int:       It affects your intelligence (+2).
 q - a +0 mace of holy wrath
Missiles
 p - 20 stones
Armour
 f - a +0 ring mail (worn)
 o - a +0 animal skin
Scrolls
 c - a scroll of poison {unknown}
 d - 2 scrolls of identify {unknown}
 e - a scroll of immolation {unknown}
 g - 2 scrolls of teleportation {unknown}
 j - a scroll of vulnerability {unknown}
 l - a scroll of noise {unknown}
 n - 3 scrolls of enchant armour {unknown}
Potions
 h - 3 potions of curing {unknown}
 i - a potion of might {unknown}
 k - a potion of heal wounds {unknown}
 m - 2 potions of haste {unknown}
 r - a potion of attraction {unknown}
 s - a potion of degeneration {unknown}
 t - a potion of flight {unknown}


   Skills:
 + Level 4.1 Fighting
 - Level 4.5 Axes
 + Level 0.9 Ranged Weapons
 * Level 0.5 Throwing
 + Level 3.1 Armour
 + Level 2.8 Dodging


You had 3 spell levels left.
You didn't know any spells.
Your spell library was empty.

Dungeon Overview and Level Annotations

Branches:
Dungeon (3/15)

Altars:


Innate Abilities, Weirdness & Mutations

You have a pair of horns on your head.
You reflexively headbutt those who attack you in melee.


Message History

The adder barely misses you. You furiously retaliate!
You headbutt the adder!
You kill the adder!
Trog accepts your kill.
You have reached level 4!
You feel agile.
s - a fizzy purple potion You now have 74 gold pieces (gained 19).
t - a lumpy amethyst potion A giant cockroach comes into view.
You shoot a sling bullet.
The sling bullet completely misses the giant cockroach.
You shoot a sling bullet.
The sling bullet hits the giant cockroach!
You kill the giant cockroach!
Trog accepts your kill.
Found a stone staircase leading down.
Found a stone staircase leading up.
There is a stone staircase leading up here.
An orc comes into view.
It is wielding a +1 dagger of distortion.
The orc attacks as you move away! The orc hits you but does no damage.
Space warps horribly around you! The orc attacks as you move away!
The orc barely misses you.
There is a stone staircase leading up here.
The orc attacks as you move away!
The orc hits you with a +1 dagger of distortion.
Space warps horribly around you!
* * * LOW HITPOINT WARNING * * *
The orc attacks as you move away! The orc barely misses you.
The orc attacks as you move away!
The orc hits you with a +1 dagger of distortion.
* * * LOW HITPOINT WARNING * * *
The orc attacks as you move away! The orc barely misses you.
The orc attacks as you move away! The orc hits you but does no damage.
Space warps around you.
* * * LOW HITPOINT WARNING * * *
The orc attacks as you move away!
The orc hits you with a +1 dagger of distortion.
* * * LOW HITPOINT WARNING * * *
Space warps around you.
You die...

#.# . ############.#
.##......<.....#
...####.####### #..#
#.# # #..# #.# #
#.#..# #.#
#.##.#..####.#######
......>...@o........
..#.....####.#######
#..#..####.#
#..#.......#
#.......####
##.#.##.##
#........#####.#
.......†........#
.#...#.##..#######


You could see an orc.

Vanquished Creatures
  4 adders
  2 dart slugs (D:2)
  An endoplasm (D:2)
  2 giant cockroaches
  5 goblins
  A hobgoblin (D:2)
  3 jackals (D:1)
  3 quokkas
  4 ball pythons
  A bat (D:1)
  2 frilled lizards
  2 kobolds
  6 rats
36 creatures vanquished.

Vanquished Creatures (others)
  7 fungi (D:1)
  A plant (D:1)
8 creatures vanquished.

Grand Total: 44 creatures vanquished

Notes
Turn   | Place    | Note
-------+----------+-------------------------------------------
     0 | D:1      | Muataran the Minotaur Berserker began the quest for the
                  | Orb.
     0 | D:1      | Reached XP level 1. HP: 19/19 MP: 0/0
    22 | D:1      | Found a faded altar of an unknown god.
   162 | D:1      | Reached XP level 2. HP: 27/27 MP: 1/1
   823 | D:2      | Reached XP level 3. HP: 33/33 MP: 2/2
   852 | D:2      | Identified the +10 sling "Bainiv" {drain, Int+2}
  1273 | D:3      | Reached ** piety under Trog
  1352 | D:3      | Reached XP level 4. HP: 40/40 MP: 3/3
  1447 | D:3      | Slain by an orc

Illustrated notes

Levels and vault maps discovered:
D:1:      lightli_molten_gateway, layout_basic, dreamdust_ecumenical_altar_grove
D:2:      layout_rooms
D:3:      layout_basic, lemuel_crystal_altar, mrwooster_statue_mirror,
          minmay_snake_closets

Skill      XL: |  1  2  3 |
---------------+----------+-----
Axes           | 4 |  4.5
Fighting       | 4 |  4.1
Armour         | 3 |  3.1
Ranged Weapons | |  0.9
Throwing       | |  0.5
Dodging        | |  2.8

Action                   |  1- 3 |  4- 6 || total
-------------------------+-------+-------++-------
Melee: Hand axe          |    40 |       ||    40
       Headbutt          |     3 |       ||     3
 Fire: Sling             |    33 |     2 ||    35
Invok: Berserk           |     1 |       ||     1
Armor: Ring mail         |    27 |     2 ||    29
       Animal skin       |     1 |       ||     1
Dodge: Dodged            |    35 |     3 ||    38

Table legend: (Time is in decaauts)
 A = Elapsed time spent in this place.
 B = Non-inter-level travel time spent in this place.
 C = Inter-level travel time spent in this place.
 D = Time resting spent in this place.
 E = Time spent auto-exploring this place.
 F = Levels seen in this place.
 G = Mean time per level.
                   A        B        C        D        E       F      G
               +--------+--------+--------+--------+--------+-----+--------+
         Total |   1472 |   1397 |     75 |     39 |   1107 |   3 |  490.7 |
       Dungeon |   1472 |   1397 |     75 |     39 |   1107 |   3 |  490.7 |
               +--------+--------+--------+--------+--------+-----+--------+

Top non-repeatable levels by time:
     D:1: 715 daAuts
     D:2: 568 daAuts
     D:3: 188 daAuts
